 Dungeon Crawl Stone Soup version 0.19.5 (webtiles) character file.

68 tidbits the Slasher (level 4, -2/29 HPs)
             Began as a High Elf Skald on Nov 8, 2017.
             Slain by an ogre
             ... wielding a +0 giant spiked club
              (21 damage)
             ... on level 3 of the Dungeon.
             The game lasted 00:04:48 (510 turns).

tidbits the Slasher (High Elf Skald)                 Turns: 510, Time: 00:04:48

Health: -2/29      AC:  3    Str: 11    XL:     4   Next: 1%
Magic:  2/9        EV: 12    Int: 16    God:
Gold:   29         SH:  0    Dex: 15    Spells: 3 memorised, 2 levels left

rFire  . . .     SeeInvis .     e - +0 quarterstaff
rCold  . . .     Gourm    .     b - +0 leather armour
rNeg   . . .     Faith    .     (shield currently unavailable)
rPois  .         Spirit   .     (no helmet)
rElec  .         Reflect  .     (no cloak)
rCorr  .         Harm     .     (no gloves)
MR     .....                    (no boots)
Stlth  +.........               (no amulet)
                                (no ring)
                                h - ring of flight

@: no status effects
A: no striking features
a: Evoke Flight


You were on level 3 of the Dungeon.
You were not hungry.

You visited 1 branch of the dungeon, and saw 5 of its levels.

You collected 29 gold pieces.

Inventory:

Hand Weapons
 a - a +0 falchion
 e - a +0 quarterstaff (weapon)
   (You found it on level 3 of the Dungeon)
Missiles
 f - 15 bolts
Armour
 b - a +0 leather armour (worn)
Jewellery
 h - a ring of flight (left hand)
   (You found it on level 3 of the Dungeon)
Scrolls
 g - a scroll of noise {unknown}
 i - a scroll of enchant weapon {unknown}
Books
 c - a book of Battle

   Spells                             Type                      Level
   a - Infusion                       Charms                       1
   b - Shroud of Golubria             Charms/Translocation         2
   c - Song of Slaying                Charms                       2
   d - Spectral Weapon                Hexes/Charms                 3
   e - Regeneration                   Charms/Necromancy            3
Comestibles
 d - a bread ration


   Skills:
 - Level 2.0 Fighting
 * Level 4.1 Long Blades
 - Level 0.8 Armour
 + Level 2.5 Dodging
 + Level 2.9 Spellcasting
 - Level 3.6 Charms


You had 2 spell levels left.
You knew the following spells:

 Your Spells              Type           Power        Failure   Level  Hunger
i - Infusion              Chrm           ##..         8%          1    #......
r - Regeneration          Chrm/Necr      #.........   34%         3    ###....
y - Song of Slaying       Chrm           ##......     12%         2    ##.....


Dungeon Overview and Level Annotations

Branches:
Dungeon (5/15)
 Temple: D:4-7

Altars:
Zin

Shops:
D:3 *


Message History

c - a book of Battle (in branch)
You swing at nothing.
You swing at nothing.
You swing at nothing.
You swing at nothing.
You swing at nothing.
You swing at nothing.
You swing at nothing.
You swing at nothing.
Your transformation is almost over.
Your magical infusion is running out.
You swing at nothing.
You swing at nothing.
You swing at nothing.
You swing at nothing.
You are no longer magically infusing your attacks.
You swing at nothing.
Casting: Infusion
Confirm with . or Enter, or press ? or * to list all spells.
Your skin crawls.
You feel less woody.
Your +0 leather armour unmelds from your body.
Wield which item (- for none, * to show all)? (? for menu, Esc to quit)
a - a +0 falchion (weapon)
Your skin is crawling a little less now.
Found a stone staircase leading up.
You now have 14 gold pieces.
Your skin stops crawling.
Found a bread ration.
There is a stone staircase leading up here.
You climb upwards.
Found Zin's Purification Station.
There is a stone staircase leading down here.
Found 3 gold pieces.
Found a glowing silver altar of Zin.
There is an entrance to Zin's Purification Station here.
You now have 17 gold pieces (gained 3).
A hobgoblin comes into view. It is wielding a club.
The hobgoblin shouts!
Casting: Regeneration
Confirm with . or Enter, or press ? or * to list all spells.
You begin infusing your attacks with magical energy.
You hit the hobgoblin.
The hobgoblin is almost dead.
The hobgoblin hits you but does no damage.
You hit the hobgoblin.
You kill the hobgoblin!
There is a stone staircase leading down here.
Your magical infusion is running out.
Found a quarterstaff.
You are no longer magically infusing your attacks.
A goblin comes into view.
Found a beef jerky.
A dart slug comes into view.
The goblin shouts!
Casting: Infusion
Confirm with . or Enter, or press ? or * to list all spells.
You begin infusing your attacks with magical energy.
The dart slug launches a dart at you. The slug dart hits you!
You barely miss the goblin. The goblin closely misses you.
You closely miss the goblin. The goblin barely misses you.
You closely miss the goblin. The goblin hits you.
You barely miss the goblin. The goblin closely misses you.
You barely miss the goblin. The goblin misses you.
You riposte.
Your leather armour prevents you from hitting the goblin.
You miss the goblin. The goblin hits you.
You hit the goblin.
The goblin is almost dead.
The goblin barely misses you. The goblin closely misses you.
You riposte.
You hit the goblin.
You kill the goblin!
The dart slug bites you.
You see here a goblin corpse.
You hit the dart slug.
The dart slug is moderately wounded.
You hit the dart slug.
The dart slug is almost dead.
The dart slug barely misses you.
You riposte.
You barely miss the dart slug.
The dart slug is almost dead.
You hit the dart slug!
You kill the dart slug!
You have reached level 4!
Your magical infusion is running out.
You see here a quarterstaff.
e - a quarterstaff
Okay, then.
You are no longer magically infusing your attacks.
Found 12 gold pieces.
You now have 29 gold pieces (gained 12).
An ooze comes into view.
Found 16 stones.
Found 25 stones.
The ooze hits you.
You aren't carrying any items that you can evoke.
Unknown command.
Wield which item (- for none, * to show all)? (? for menu, Esc to quit)
e - a +0 quarterstaff (weapon)
The ogre hits you with a giant spiked club!!
Ouch! That really hurt!
You die...

#####.#####....††..# #.
..##..# ##.####...# ##(
#....##### #.# ...#
##.<
..........##.#####....
#...
...#..###.##.....#.##%.
#... ..###.# #####.#..
.#. #..†.## .._⌠#.#
#.##.# # #...#.##
..###.# #.# #..... ...#
.# #@# .#....... .
..... #O##.....# .### .
.....# #J....... #.
......# ##..#(##. #
#####.# ....# .#
....... ...(... .......
.......


You could see an ogre and an ooze.

Vanquished Creatures
  A centaur zombie (D:4)
  2 adders (D:3)
  A dart slug (D:3)
  3 leopard geckos
  An orc (D:3)
  A bat (D:2)
  4 goblins
  A hobgoblin (D:3)
  A frilled lizard (D:2)
15 creatures vanquished.

Notes
Turn   | Place    | Note
-------+----------+-------------------------------------------
     0 | D:1      | tidbits the High Elf Skald began the quest for the Orb.
     0 | D:1      | Reached XP level 1. HP: 14/14 MP: 4/4
   207 | D:3      | Reached skill level 3 in Long Blades
   207 | D:3      | Reached skill level 2 in Dodging
   207 | D:3      | Reached XP level 2. HP: 4/19 MP: 2/6
   250 | D:3      | Learned a level 2 spell: Song of Slaying
   260 | D:3      | Reached XP level 3. HP: 21/24 MP: 3/7
   265 | D:3      | Learned a level 3 spell: Regeneration
   270 | D:3      | Noticed an ogre
   331 | D:5      | Entered Level 5 of the Dungeon
   401 | D:4      | HP: 3/36 [centaur zombie (3)]
   404 | D:4      | Reached skill level 4 in Long Blades
   436 | D:3      | Found Zin's Purification Station.
   441 | D:3      | Found a glowing silver altar of Zin.
   490 | D:3      | Reached XP level 4. HP: 19/29 MP: 0/9
   510 | D:3      | Slain by an ogre

Skill      XL: |  1  2  3 |
---------------+----------+-----
Long Blades    | 3 4 |  4.1
Dodging        | 2 |  2.5
Fighting       | |  2.0
Armour         | |  0.8
Spellcasting   | |  2.9
Charms         | |  3.6

Action                   |  1- 3 |  4- 6 || total
-------------------------+-------+-------++-------
Melee: Falchion          |    47 |       ||    47
 Cast: Infusion          |    10 |       ||    10
       Regeneration      |     1 |       ||     1
  Use: Potion            |     3 |       ||     3
Armor: Leather armour    |     8 |       ||     8
       Skin              |     3 |       ||     3
Dodge: Dodged            |    25 |       ||    25
       Rpst.: Falchion   |     8 |       ||     8

Table legend:
 A = Turns spent in this place as a percentage of turns spent in the entire game.
 B = Non-inter-level travel turns spent in this place as a percentage of non-inter-level travel turns spent in the entire game.
 C = Inter-level travel turns spent in this place as a percentage of turns spent in this place.
 D = Turns resting spent in this place as a percentage of non-inter-level travel turns spent in this place.
 E = Turns spent auto-exploring this place as a percentage of non-inter-level travel turns spent in this place.
 F = Non-inter-level travel turns spent in this place divided by the number of levels of this place that you've seen.
                   A       B       C       D       E      F
               +-------+-------+-------+-------+-------+----------------------
         Total | 100.0 | 100.0 |   0.0 |   0.0 |   0.0 |  91.8
       Dungeon | 100.0 | 100.0 |   0.0 |   0.0 |   0.0 |  91.8
               +-------+-------+-------+-------+-------+----------------------

Table legend:
 A = Kills in this place as a percentage of kills in entire the game.
 B = Kills by you in this place as a percentage of kills by you in the entire game.
 C = Kills by friends in this place as a percentage of kills by friends in the entire game.
 D = Other kills in this place as a percentage of other kills in the entire game.
 E = Experience gained in this place as a percentage of experience gained in the entire game.
 F = Experience gained in this place divided by the number of levels of this place that you have seen.
                   A       B       C       D       E      F
               +-------+-------+-------+-------+-------+----------------------
         Total | 100.0 | 100.0 |  -nan |  -nan | 100.0 |  19.6
       Dungeon | 100.0 | 100.0 |  -nan |  -nan | 100.0 |  19.6
               +-------+-------+-------+-------+-------+----------------------

Vault maps used:
D:1:      dpeg_arrival_three_smaller_balls
D:2:      minitemple, kennysheep_nondescript, uniq_robin
D:3:      zin_purify, nrook_loot_triangle
D:4:      kennysheep_mini, kennysheep_mini_moat, first_bread,
          minmay_divided_ellipse
